 Dungeon Crawl Stone Soup version 0.28.0 (webtiles) character file.

Game seed: 8419893291997795782

63 AmazingTV the Sneak (level 3, -7/16 HPs)
             Began as a Spriggan Necromancer on Mar 26, 2024.
             Mangled by a worm (10 damage)
             ... on level 2 of the Dungeon.
             The game lasted 00:08:14 (3432 turns).

AmazingTV the Sneak (Spriggan Necromancer)          Turns: 3432, Time: 00:08:15

Health: -7/16      AC:  2    Str:  4    XL:     3   Next: 87%
Magic:  4/8        EV: 18    Int: 18    God:
Gold:   102        SH:  0    Dex: 15    Spells: 3/8 levels left

rFire   . . .      SeeInvis +   a - +0 dagger {short}
rCold   . . .      Faith    .   (no shield)
rNeg    . . .      Spirit   .   e - +0 robe
rPois   .          Reflect  .   (helmet restricted)
rElec   .          Harm     .   (no cloak)
rCorr   .          Rampage  .   (gloves unavailable)
Will    .....                   (boots unavailable)
Stlth   +++.......              (no amulet)
HPRegen 0.05/turn               k - ring of wizardry
MPRegen 0.11/turn               (no ring)

@: very quick
A: very small, no large weapons, unfitting armour, see invisible, speed 3
a: no special abilities


You were on level 2 of the Dungeon.
You visited 1 branch of the dungeon, and saw 2 of its levels.

You collected 132 gold pieces.
You spent 30 gold pieces at shops.


Innate Abilities, Weirdness & Mutations

You are very small and have problems with some larger weapons.
You are too small for most types of armour.
You have supernaturally acute eyesight. (SInv)
You cover ground extremely quickly. (Speed+++)


   Skills:
 + Level 3.6 Dodging
 + Level 4.2 Stealth
 + Level 3.4 Spellcasting
 + Level 4.0 Necromancy


You had 3 spell levels left.
You knew the following spells:

 Your Spells              Type           Power      Damage    Failure   Level
a - Pain                  Necr           68%        1d7       1%          1
b - Animate Skeleton      Necr           34%        N/A       1%          1
c - Vampiric Draining     Necr           17%        2d7       3%          3

Your spell library contained the following spells:

 Spells                   Type           Power      Damage    Failure   Level
 Animate Dead             Necr           8%         N/A       12%         4
 Agony                    Necr           17%        N/A       32%         5

Inventory:

Hand Weapons
 a - a +0 dagger (weapon) {short}
   (You took it off a goblin on level 1 of the Dungeon)
Missiles
 b - 4 poisoned darts
 h - 24 stones
 m - 24 bolts
Armour
 e - a +0 robe (worn)
Magical Staves
 l - a staff of fire {!astaff}
   (You found it on level 2 of the Dungeon)
Jewellery
 k - a ring of wizardry (left hand)
   (You found it on level 1 of the Dungeon)
Scrolls
 d - a scroll of teleportation {unknown}
 f - 2 scrolls of identify {@r1}
 i - a scroll of fog {unknown}
 j - 2 scrolls of noise {!r}
Potions
 c - 2 potions of attraction {unknown}
 g - 2 potions of degeneration {unknown}
 n - a potion of might {unknown}

Dungeon Overview and Level Annotations

Branches:
Dungeon (2/15)

Altars:

Shops:
D:2 ?

Annotations:
D:2 Sigmund

..........###..^###+#+####..#'###
#####.##### #.#.#...........#....
# #.# #.#.'...........##### # #.#
#.#.#................ #####.#
#................#.## ......#
#...###.#.##.......#. .######
#...###.#...........# .#
#...w##.#.##.......#. .#
#######..#@##.#.#.........# .#
##.....#..#..#.#.#..#####.#. .#
#..###....##.#.#.#.........# .#
###.##.##...##.#.#.#..#######.
.###...#...#...##.#.#.#..# #.#
.##..####'####..#...#.#<.# ##.
.##.##.#...#.##g##..#.#..# #.#
.##.#..'...'..#.##.)#.#..#######.
.##.##.#.).#.##.###.)........##.#


You could see a worm.


Message History

You open the door.
There is an open door here.
You open the door.
There is an open door here.
There is an open door here.
There is an open door here.
There is an open door here. 😎 MP[+1]
Your mp is fully restored (8).
A goblin is nearby!
There is an open door here.
The goblin shouts!
The goblin writhes in agony.
You kill the goblin!
The goblin shouts! 😕 HP[-1] MP[-1]
You take 1 damage, and now have 15/16 hp.
You lost 1 mp, and now have 7/8 mp.
The goblin writhes in agony. 😕 HP[-1] MP[-1]
You take 1 damage, and now have 14/16 hp.
You lost 1 mp, and now have 6/8 mp.
You hit the goblin but do no damage. The goblin barely misses you.
The goblin writhes in agony.
You kill the goblin! 😕 MP[-1]
You lost 1 mp, and now have 5/8 mp.
Things that are here:
a +0 dagger {short}; a goblin corpse; 😎 HP[+2] MP[+3]
Your hp is fully restored (16).
Your mp is fully restored (8).
Things that are here:
a +0 dagger {short}; a goblin corpse This spell is quite dangerous to cast!
Memorise Vampiric Draining, consuming 3 spell levels and leaving 3?
You start memorising the spell.
You continue memorising. x3
You finish memorising.
Spell assigned to 'c'.
There is a stone staircase leading down here.
A dart slug comes into view.
The dart slug launches a dart at you. The slug dart hits you. 😕 HP[-3]
You take 3 damage, and now have 13/16 hp.
The dart slug writhes in agony.
The dart slug launches a dart at you. The slug dart hits you.
* * * LOW HITPOINT WARNING * * *
😨 HP[-5] MP[-1]
You take 5 damage, and now have 8/16 hp.
MASSIVE DAMAGE!! (PAUSE)
You lost 1 mp, and now have 7/8 mp.
You are too injured to fight recklessly!
Aiming: Pain (safe; 1% risk of failure)
Press: ? - help, Q - select action, (/) - cycle Shift-Dir - straight line, f/p - dart slug
Aim: a dart slug (moderately wounded, chance to affect: 87%)
The dart slug writhes in agony.
You kill the dart slug! 😨 HP[-1] MP[-1]
You take 1 damage, and now have 7/16 hp.
You lost 1 mp, and now have 6/8 mp.
You start resting. 😨 MP[+2]
Your mp is fully restored (8).
You start resting.
A worm comes into view. 😮 HP[+4]
You regained 4 hp, and now have 11/16 hp.
You are too injured to fight recklessly!
Aiming: Pain (safe; 1% risk of failure)
Press: ? - help, Q - select action, (/) - cycle Shift-Dir - straight line, f - worm
Aim: a worm (chance to affect: 81%)
The worm writhes in agony. 😮 HP[-1] MP[-1]
You take 1 damage, and now have 10/16 hp.
You lost 1 mp, and now have 7/8 mp.
Aiming: Pain (safe; 1% risk of failure)
Press: ? - help, Q - select action, (/) - cycle Shift-Dir - straight line, f/p - worm
Aim: a worm (moderately wounded, chance to affect: 81%)
The worm barely resists. 😮 HP[-1] MP[-1]
You take 1 damage, and now have 9/16 hp.
You lost 1 mp, and now have 6/8 mp.
Aiming: Pain (safe; 1% risk of failure)
Press: ? - help, Q - select action, (/) - cycle Shift-Dir - straight line, f/p - worm
Aim: a worm (moderately wounded, chance to affect: 81%)
The worm writhes in agony. 😨 HP[-1] MP[-1]
You take 1 damage, and now have 8/16 hp.
You lost 1 mp, and now have 5/8 mp.
You hit the worm but do no damage. The worm bites you.
* * * LOW HITPOINT WARNING * * *
😱 HP[-4]
You take 4 damage, and now have 4/16 hp.
MASSIVE DAMAGE!! (PAUSE)
Aiming: Pain (safe; 1% risk of failure)
Press: ? - help, Q - select action, (/) - cycle Shift-Dir - straight line, f/p - worm
Aim: a worm (moderately wounded, chance to affect: 81%)
The worm writhes in agony.
The worm bites you!
Ouch! That really hurt!
You die...

Skill      XL: |  1  2  3 |
---------------+----------+-----
Dodging        | 3 |  3.6
Spellcasting   | 3 |  3.4
Stealth        | 4 |  4.2
Necromancy     | 4 |  4.0

Action                   || total
-------------------------++-------
Melee: Dagger            ||    47
 Cast: Pain              ||    82
 Stab: Sleeping          ||     6
Armor: Robe              ||     7
Dodge: Dodged            ||    37

Levels and vault maps discovered:
D:1:      wander_arrival_desolate, layout_basic
D:2:      cheibrodos_greedy_goblins, layout_basic, serial_shops, shop_statue,
          minivault_23, uniq_sigmund

Notes
Turn   | Place    | Note
-------+----------+-------------------------------------------
     0 | D:1      | AmazingTV the Spriggan Necromancer began the quest for the
                  | Orb.
     0 | D:1      | Reached XP level 1. HP: 9/9 MP: 5/5
     0 | D:1      | magus.rc [v1.9.6]
   478 | D:1      | Reached skill level 3 in Dodging
   478 | D:1      | Reached XP level 2. HP: 9/13 MP: 2/6
   706 | D:1      | Reached skill level 3 in Spellcasting
  1314 | D:1      | Learned a level 1 spell: Animate Skeleton
  1556 | D:2      | Reached XP level 3. HP: 16/16 MP: 8/8
  2088 | D:2      | Reached skill level 4 in Stealth
  2524 | D:2      | Noticed Sigmund
  2838 | D:2      | Found Unkaewni's Magic Scroll Emporium.
  2885 | D:2      | Bought a scroll of identify for 20 gold pieces
  2885 | D:2      | Bought a scroll of noise for 10 gold pieces
  3075 | D:2      | Reached skill level 4 in Necromancy
  3312 | D:2      | Learned a level 3 spell: Vampiric Draining
  3431 | D:2      | HP: 4/16 [worm (4)]
  3432 | D:2      | Mangled by a worm

Vanquished Creatures
  A worm (D:2)
  3 dart slugs
  5 bats
  2 endoplasms (D:2)
  2 giant cockroaches (D:1)
  8 goblins
  8 hobgoblins
  3 kobolds
  A quokka (D:1)
  6 ball pythons
  3 frilled lizards
  8 rats
50 creatures vanquished.

Table legend:
 A = Non-vault XP
 B = Vault XP
 C = Vault XP percentage of total XP
 D = Non-vault monster count
 E = Vault monster count
 F = Vault count percentage of total count
                 A         B        C        D         E       F
            +---------+---------+-------+---------+---------+-------
      Total |      68 |      22 |  24.4 |      39 |      11 |  22.0
            +---------+---------+-------+---------+---------+-------
        D:1 |      37 |       0 |   0.0 |      21 |       0 |   0.0
        D:2 |      31 |      22 |  41.5 |      18 |      11 |  37.9
            +---------+---------+-------+---------+---------+-------

Illustrated notes

Table legend:
 A = Kills in this place as a percentage of kills in entire the game.
 B = Kills by you in this place as a percentage of kills by you in the entire game.
 C = Kills by friends in this place as a percentage of kills by friends in the entire game.
 D = Other kills in this place as a percentage of other kills in the entire game.
 E = Experience gained in this place as a percentage of experience gained in the entire game.
 F = Experience gained in this place divided by the number of levels of this place that you have seen.
                   A       B       C       D       E      F
               +-------+-------+-------+-------+-------+----------------------
         Total | 100.0 | 100.0 |   N/A |   N/A | 100.0 |  45.0
       Dungeon | 100.0 | 100.0 |   N/A |   N/A | 100.0 |  45.0
               +-------+-------+-------+-------+-------+----------------------

Table legend: (Time is in decaauts)
 A = Elapsed time spent in this place.
 B = Non-inter-level travel time spent in this place.
 C = Inter-level travel time spent in this place.
 D = Time resting spent in this place.
 E = Time spent auto-exploring this place.
 F = Levels seen in this place.
 G = Mean time per level.
                   A        B        C        D        E       F      G
               +--------+--------+--------+--------+--------+-----+--------+
         Total |   2879 |   2764 |    115 |   1165 |   1286 |   2 | 1439.5 |
       Dungeon |   2879 |   2764 |    115 |   1165 |   1286 |   2 | 1439.5 |
               +--------+--------+--------+--------+--------+-----+--------+

Top non-repeatable levels by time:
     D:1: 1702 daAuts
     D:2: 1177 daAuts
